Get step-by-step instructions on how to execute this build order below. Start the game timer, and the build order will tick by so you can play in parallel with StarCraft on a second screen or mobile device.

Game Time

  0:00

Last Step

  N/A

Next Step

Upcoming Step



Don't want to look back and forth between 2 screens? Try out our Overwolf App, the Spawning Tool Build Advisor to get an in-game overlay with this build!

Complete Build Order

  12  0:00  Probe  
  13  0:12  Probe  
  14  0:17  Pylon  
  14  0:24  Probe (Chrono Boost)  
  15  0:37  Probe (Chrono Boost)  
  15  0:38  Gateway  
  16  0:44  Probe (Chrono Boost)  
  16  0:46  Assimilator  
  17  0:51  Probe  
  18  1:03  Probe  
  19  1:15  Probe  
  20  1:25  Cybernetics Core  
  20  1:31  Nexus  
  20  1:35  Probe  
  21  1:42  Pylon  
  21  1:47  Probe  
  21  1:51  Assimilator  
  22  1:58  Adept (Chrono Boost)  
  23  2:04  Shield Battery  
  23  2:07  Probe  
  25  2:10  Warp Gate  
  25  2:19  Adept (Chrono Boost), Probe  
  28  2:31  Probe  
  28  2:40  Twilight Council  
  28  2:43  Probe  
  30  2:44  Probe  
  30  2:55  Probe  
  30  2:56  Probe  
  32  3:07  Probe  
  32  3:08  Probe  
  32  3:10  Blink (Chrono Boost)  
  34  3:19  Probe  
  35  3:20  Probe  
  35  3:21  Sentry  
  38  3:28  Gateway  
  38  3:31  Probe  
  38  3:32  Probe  
  40  3:37  Gateway  
  40  3:44  Probe x2  
  40  3:46  Pylon  
  42  3:49  Robotics Facility  
  42  3:52  Phoenix  
  42  3:56  Probe  
  42  3:58  Stalker  
  42  4:01  Probe  
  46  4:06  Pylon  
  46  4:08  Probe  
  47  4:13  Probe  
  48  4:20  Probe  
  49  4:26  Stalker x2  
  49  4:27  Probe  
  49  4:29  Pylon  
  54  4:33  Stalker  
  56  4:39  Nexus  
  57  4:50  Shield Battery  
  57  4:51  Stalker x2  
  64  5:03  Stalker  
  66  5:13  Immortal (Chrono Boost)  
  66  5:14  Stalker x2  
  66  5:18  Pylon x2  
  64  5:28  Pylon  
  64  5:30  Pylon  
  64  5:37  Zealot x2, Cybernetics Core  
  56  5:56  Probe  
  49  5:59  Zealot x2, Probe  
  48  6:07  Gateway  
  48  6:08  Gateway, Probe  
  49  6:11  Probe  
  49  6:16  Stalker  
  51  6:19  Stalker  
  51  6:21  Probe  
  51  6:23  Probe  
  49  6:33  Stalker, Probe  
  49  6:35  Probe  
  53  6:46  Stalker